 Dungeon Crawl Stone Soup version 0.18.1-48-g4cf74bf (webtiles) character file.

16 Inchmeat the Magician (level 2, -1/19 HPs)
             Began as a Demonspawn Wizard on July 4, 2016.
             Slain by a jackal (2 damage)
             ... on level 1 of the Dungeon.
             The game lasted 00:02:16 (478 turns).

Inchmeat the Magician (Demonspawn Wizard)            Turns: 478, Time: 00:02:17

Health: -1/19      AC:  4    Str:  7    XL:     2   Next: 37%
Magic:  5/6        EV: 12    Int: 19    God:
Gold:   21         SH:  0    Dex: 13    Spells: 1 memorised, 7 levels left

rFire  + . .     SeeInvis .     (no weapon)
rCold  . . .     Gourm    .     a - +0 robe
rNeg   . . .     Faith    .     (no shield)
rPois  .         Spirit   .     b - +0 hat
rElec  .         Dismiss  .     (no cloak)
rCorr  .         Reflect  .     e - +0 pair of gloves
SustAt .         Harm     .     i - +0 pair of boots
MR     .....                    (no amulet)
Stlth  ++........               (no ring)
                                (no ring)

@: not resistant to hostile enchantments, unstealthy
A: agile 1, fire resistance 1, sense surroundings 1, powered by pain 1
a: no special abilities


You were on level 1 of the Dungeon.
You were not hungry.

You visited 1 branch of the dungeon, and saw 1 of its levels.

You collected 21 gold pieces.

Inventory:

Armour
 a - a +0 robe (worn)
 b - a +0 hat (worn)
 e - a +0 pair of gloves (worn)
 i - a +0 pair of boots (worn)
Scrolls
 g - a scroll of magic mapping {unknown}
Books
 c - a book of Minor Magic

   Spells                             Type                      Level
   a - Magic Dart                     Conjuration                  1
   b - Blink                          Translocation                2
   c - Call Imp                       Summoning                    2
   d - Repel Missiles                 Charms/Air                   2
   e - Slow                           Hexes                        2
   f - Conjure Flame                  Conjuration/Fire             3
   g - Mephitic Cloud                 Conjuration/Poison/Air       3
Comestibles
 d - a bread ration


   Skills:
 + Level 1.9 Dodging
 + Level 1.7 Stealth
 + Level 3.5 Spellcasting
 + Level 1.1 Conjurations
   Level 1.0 Summonings
   Level 0.8 Translocations


You had 7 spell levels left.
You knew the following spells:

 Your Spells              Type           Power        Failure   Level  Hunger
a - Magic Dart            Conj           #...         10%         1    None


Dungeon Overview and Level Annotations

Branches:
Dungeon (1/15)

Altars:


Innate Abilities, Weirdness & Mutations

You sometimes gain a little power by taking damage.
You are agile. (Dex +2)
Your flesh is heat resistant.
You passively map a small area around you.


Message History

* * * LOW HITPOINT WARNING * * *
The jackal bites you but does no damage.
Drink which item? (? for menu, Esc to quit)
It was a potion of mutation.
You feel extremely strange.
You feel resistant to heat.
You feel agile.
You feel a strange attunement to the structure of the dungeons.
The jackal closely misses you. The jackal barely misses you.
Drink which item? (? for menu, Esc to quit)
It was a potion of magic.
Magic courses through your body. The jackal bites you.
* * * LOW HITPOINT WARNING * * *
Casting: Magic Dart
Confirm with . or Enter, or press ? or * to list all spells.
Aiming: Magic Dart
Press: ? - help, Shift-Dir - straight line, f/p - goblin
Aim: a goblin, wearing a ring mail The magic dart hits the jackal.
The jackal is almost dead.
The jackal bites you.
You die...

#......# ####...... #......#
#...... #......# ##......
#####.## #..)####
####.###############..?####
#...รท...(.((.h.....'...'.(.
#.########.#########...####
#.### #....# ######## #.w.##
#.@.## ##..## #....# ##h###
##....# #....###.g# #.....#
#....##.## #...### #....#..#
##....## #...#.## #......#
##..#..# #....#.# #..##.#
##....#.# ##..#.# ##....##.#


You could see a jackal and a goblin.

Vanquished Creatures
  2 dart slugs (D:1)
  A bat (D:1)
  2 goblins (D:1)
  2 hobgoblins (D:1)
  A kobold (D:1)
  3 rats (D:1)
11 creatures vanquished.

Notes
Turn   | Place    | Note
--------------------------------------------------------------
     0 | D:1      | Inchmeat the Demonspawn Wizard began the quest for the Orb.
     0 | D:1      | Reached XP level 1. HP: 13/13 MP: 4/4
   142 | D:1      | Gained mutation: You sometimes gain a little power by taking damage. [demonic ancestry]
   142 | D:1      | Reached XP level 2. HP: 2/19 MP: 0/6
   475 | D:1      | Gained mutation: Your flesh is heat resistant. [potion of mutation]
   475 | D:1      | Gained mutation: You are agile. (Dex +2) [potion of mutation]
   475 | D:1      | Gained mutation: You passively map a small area around you. [potion of mutation]
   478 | D:1      | Slain by a jackal

Action                   || total
-------------------------++-------
Melee: Unarmed           ||    26
 Cast: Magic Dart        ||    29
  Use: Potion            ||     2
Armor: Robe              ||    14
Dodge: Dodged            ||    29
